 Dungeon Crawl Stone Soup version 0.28-a0-1412-gf95308ed99 (webtiles) character file.

Game seed: 16841583781926779410

35 siradein the Skirmisher (level 3, 0/30 HPs)
             Began as a Djinni Cinder Acolyte on Jan 6, 2022.
             Was a High Priest of Ignis.
             Slain by Terence (10 damage)
             ... on level 2 of the Dungeon.
             The game lasted 00:01:58 (1779 turns).

siradein the Skirmisher (Djinni Cinder Acolyte)     Turns: 1779, Time: 00:01:58

Health: 0/30       AC:  2    Str: 15    XL:     3   Next: 52%
Gold:   136        EV: 11    Int: 15    God:    Ignis [*****.] SH:  0 Dex:  8

rFire   + + +      SeeInvis .   a - -1 falchion (flame)
rCold   x . .      Faith    .   (no shield)
rNeg    . . .      Spirit   .   b - +0 robe
rPois   ∞          Reflect  .   (no helmet)
rElec   .          Harm     .   (no cloak)
rCorr   .          Rampage  .   (no gloves)
Will    .....                   (boots unavailable)
Stlth   +.........              (no amulet)
HPRegen 0.10/turn               (no ring)
MPRegen 0.00/turn               (no ring)

@: flying
A: sickness immunity, fire resistance 2, cold vulnerability 1, float, innate
caster, hp casting, extra vitality 1
a: Renounce Religion, Fiery Armour, Foxfire Swarm, Rising Flame


You were on level 2 of the Dungeon.
You worshipped Ignis.
Ignis was extremely pleased with you.
You visited 1 branch of the dungeon, and saw 2 of its levels.

You collected 136 gold pieces.

Inventory:

Hand Weapons
 a - a -1 falchion of flaming (weapon)
Armour
 b - a +0 robe (worn)
Scrolls
 c - a scroll of vulnerability {unknown}


   Skills:
 + Level 3.3 Fighting
 + Level 3.0 Long Blades
 + Level 1.0 Armour
 + Level 1.1 Dodging
 + Level 2.6 Spellcasting


You had 4 spell levels left.
You knew the following spells:

 Your Spells              Type           Power      Damage    Failure   Level
a - Scorch                Fire           18%        2d5       11%         2
b - Magic Dart            Conj           36%        1d4       7%          1
Your spell library was empty.

Dungeon Overview and Level Annotations

Branches:
Dungeon (2/15)

Altars:

Annotations:
D:2 Terence


Innate Abilities, Weirdness & Mutations

You are immune to sickness and miasma.
You are immune to poison.
Your flesh is very heat resistant. (rF++)
You are vulnerable to cold. (rC-)
You float through the air rather than walking.
You learn spells naturally, not from books.
Your magical power is your life essence.
You have superior vitality. (+4 MHP)


Message History

The worm is severely wounded.
You hit the worm. You burn the worm.
You kill the worm!
No target in view!
No target in view!
Terence the Incautious comes into view.
He is wielding a +2 flail of venom.
Terence shouts!
Terence is nearby!
Terence is nearby!
Terence is nearby!
The magic dart hits Terence.
Terence is lightly wounded.
Casting: Magic Dart (safe; 7% risk of failure)
Confirm with . or Enter, or press ? or * to list all spells.
Flames lash Terence.
Terence is moderately wounded.
Terence's fire resistance burns away.
Unknown command.
You hit Terence. You burn Terence.
Terence is heavily wounded.
Terence hits you with a +2 flail of venom.
You hit Terence but do no damage.
Terence is heavily wounded.
Terence barely misses you.
You barely miss Terence.
Terence is heavily wounded.
Terence is no longer more vulnerable to fire.
Terence barely misses you.
You barely miss Terence.
Terence is heavily wounded.
Terence hits you with a +2 flail of venom!
* * * LOW HITPOINT WARNING * * *
Terence barely misses you.
You hit Terence. You burn Terence.
Terence is heavily wounded.
Terence barely misses you.
You barely miss Terence.
Terence is heavily wounded.
Terence hits you with a +2 flail of venom!
You die...

##########
.........#######
....<..........#
#####....#####.#########
#####.#### #....@@.....#
........####.#.#######.#
#####.#......#.# #.#
#.########.# ... #.# #.#
.#.## #.# #.# #.#.# #.#
#.# . ..# #.# ... .. ..#
#. ## .##


You could see Terence.

Vanquished Creatures
  A dart slug (D:1)
  A worm (D:2)
  3 ball pythons (D:1)
  2 endoplasms (D:1)
  A giant cockroach (D:2)
  3 hobgoblins (D:1)
  3 jackals (D:1)
  A bat (D:1)
  2 frilled lizards (D:1)
  5 goblins (D:1)
  4 kobolds (D:1)
  A rat (D:1)
  A toadstool (D:1)
28 creatures vanquished.

Vanquished Creatures (others)
  A fungus (D:1)
  2 toadstools (D:1)
3 creatures vanquished.

Grand Total: 31 creatures vanquished

Notes
Turn   | Place    | Note
-------+----------+-------------------------------------------
     0 | D:1      | siradein the Djinni Cinder Acolyte began the quest for the
                  | Orb.
     0 | D:1      | Reached XP level 1. HP: 20/20 MP: 0/0
   274 | D:1      | Reached XP level 2. HP: 10/25 MP: 0/0
  1223 | D:1      | Reached XP level 3. HP: 20/30 MP: 0/0
  1223 | D:1      | Learned a level 1 spell: Magic Dart
  1355 | D:1      | Reached skill level 1 in Dodging
  1397 | D:1      | Reached skill level 1 in Armour
  1765 | D:2      | Noticed Terence
  1779 | D:2      | Slain by Terence

Illustrated notes

Levels and vault maps discovered:
D:1:      erik_arrival_blinker_ship, layout_basic, hangedman_decor_peaks_small,
          minmay_gold_behind_fungi
D:2:      layout_loops_ring, basic_altar, uniq_terence

Skill      XL: |  1  2  3 |
---------------+----------+-----
Dodging        | 1 |  1.1
Armour         | 1 |  1.0
Long Blades    | 3 |  3.0
Fighting       | |  3.3
Spellcasting   | |  2.6

Action                   || total
-------------------------++-------
Melee: Falchion          ||    89
       Punch             ||     1
 Cast: Magic Dart        ||    13
       Scorch            ||     1
Armor: Robe              ||    14
Dodge: Dodged            ||    51

Table legend: (Time is in decaauts)
 A = Elapsed time spent in this place.
 B = Non-inter-level travel time spent in this place.
 C = Inter-level travel time spent in this place.
 D = Time resting spent in this place.
 E = Time spent auto-exploring this place.
 F = Levels seen in this place.
 G = Mean time per level.
                   A        B        C        D        E       F      G
               +--------+--------+--------+--------+--------+-----+--------+
         Total |   1792 |   1778 |     14 |      0 |   1573 |   2 |  896.0 |
       Dungeon |   1792 |   1778 |     14 |      0 |   1573 |   2 |  896.0 |
               +--------+--------+--------+--------+--------+-----+--------+

Top non-repeatable levels by time:
     D:1: 1658 daAuts
     D:2: 133 daAuts
